 Dungeon Crawl Stone Soup version 0.26.1-10-gdfb7c7de75 (webtiles) character file.

Game seed: 12604074961939094661

3111 tardwrangler69 the Cleaver (level 9, -12/81 HPs)
             Began as a Minotaur Fighter on Apr 3, 2021.
             Was a Priest of Uskayaw.
             Mangled by an orc warrior
             ... wielding a +0 glaive
              (20 damage)
             ... on level 8 of the Dungeon.
             The game lasted 00:05:40 (7569 turns).

tardwrangler69 the Cleaver (Minotaur Fighter)       Turns: 7569, Time: 00:05:40

Health: -12/81     AC: 12    Str: 25    XL:     9   Next: 60%
Magic:  8/8        EV: 10    Int:  5    God:    Uskayaw [***...]
Gold:   483        SH: 10    Dex:  9    Spells: 8/8 levels left

rFire    . . .     SeeInvis .   a - +0 war axe
rCold    + . .     Faith    .   c - +1 kite shield
rNeg     . . .     Spirit   .   b - +0 scale mail
rPois    .         Reflect  .   (helmet restricted)
rElec    .         Harm     .   E - +0 cloak
rCorr    +         Rampage  .   u - +0 pair of gloves
Will     .....                  x - +0 pair of boots
Stlth    ..........             (no amulet)
HPRegen  0.23/turn              i - ring of resist corrosion
MPRegen  0.11/turn              h - ring of protection from cold

@: no status effects
A: retaliatory headbutt, horns 2
a: Renounce Religion, Stomp, Line Pass


You were on level 8 of the Dungeon.
You worshipped Uskayaw.
Uskayaw was noncommittal.
You visited 2 branches of the dungeon, and saw 9 of its levels.

You collected 483 gold pieces.

Inventory:

Hand Weapons
 a - a +0 war axe (weapon)
Missiles
 J - 5 javelins (quivered)
Armour
 b - a +0 scale mail (worn)
 c - a +1 kite shield (worn)
 u - a +0 pair of gloves (worn)
 x - a +0 pair of boots (worn)
 E - a +0 cloak (worn)
Jewellery
 h - a ring of protection from cold (right hand)
 i - a ring of resist corrosion (left hand)
 F - a +4 ring of evasion {unknown}
Wands
 k - a wand of flame (44)
 t - a wand of iceblast (8)
 H - a wand of digging (8)
 K - a wand of paralysis (7)
Scrolls
 f - 12 scrolls of identify
 j - 7 scrolls of teleportation
 l - 2 scrolls of amnesia {unknown}
 m - 2 scrolls of enchant armour
 n - 4 scrolls of blinking
 o - 3 scrolls of magic mapping
 w - 2 scrolls of fear {unknown}
 y - a scroll of enchant weapon {unknown}
 C - 2 scrolls of remove curse
 D - a scroll of immolation
 I - 2 scrolls of brand weapon {unknown}
Potions
 d - 4 potions of might
 e - 2 potions of invisibility
 g - a potion of degeneration {unknown}
 p - a potion of flight {unknown}
 q - 2 potions of resistance {unknown}
 r - a potion of berserk rage {unknown}
 s - a potion of haste {unknown}
 v - 2 potions of curing {unknown}
 z - a potion of lignification {unknown}
 A - a potion of ambrosia {unknown}
 B - a potion of heal wounds {unknown}
 G - a potion of cancellation {unknown}
 L - a potion of mutation {unknown}
 M - a potion of brilliance {unknown}


   Skills:
 + Level 8.1 Fighting
 * Level 10.4 Axes
 + Level 8.1 Armour
 + Level 6.4 Dodging
 - Level 3.6 Shields


You had 8 spell levels left.
You didn't know any spells.
Your spell library contained the following spells:

 Spells                   Type           Power        Failure   Level
 Shock                    Conj/Air       0%           99%         1
 Sting                    Tmut/Pois      0%           99%         1
 Poisonous Vapours        Pois/Air       0%           100%        2
 Swiftness                Air            0%           100%        2
 Ignite Poison            Fire/Tmut/Pois 0%           100%        3
 Mephitic Cloud           Conj/Pois/Air  0%           100%        3
 Static Discharge         Conj/Air       0%           100%        3
 Airstrike                Air            0%           100%        4
 Olgreb's Toxic Radiance  Pois           0%           100%        4
 Lightning Bolt           Conj/Air       0%           100%        5


Dungeon Overview and Level Annotations

Branches:
Dungeon (8/15)             Temple (1/1) D:6
   Lair: D:8-11

Altars:
Ashenzari
Cheibriados
Dithmenos
Elyvilon
Fedhas
Gozag
Hepliaklqana
Kikubaaqudgha
Qazlal
Ru
Sif Muna
Uskayaw
Vehumet
Wu Jian
Yredelemnul
Zin
The Shining One

Shops:
D:5 [


Innate Abilities, Weirdness & Mutations

You reflexively headbutt those who attack you in melee.
You have a pair of horns on your head.


Message History

You slash the orc warrior! Your headbutt misses the orc warrior.
The orc warrior is heavily wounded.
Uskayaw will force your foes to helplessly watch your dance.
Uskayaw prepares the audience for your solo!
The helpless orc warrior fails to defend itself.
You hit the orc warrior but do no damage.
The orc warrior is heavily wounded.
The orc warrior is no longer paralysed.
You block the orc warrior's attack.
You hit the orc warrior. Your headbutt misses the orc warrior.
The orc warrior is heavily wounded.
The orc warrior hits you with a +0 glaive!
* * * LOW HITPOINT WARNING * * *
You hit the orc warrior.
The orc warrior is heavily wounded.
The orc warrior hits you but does no damage.
You barely miss the orc warrior.
You headbutt the orc warrior, but do no damage.
The orc warrior is heavily wounded.
The orc warrior hits you with a +0 glaive!!
You die...

#.#.##.###....#.###.###
#.#.###.#.#..##.......#
#........##.........#.#
###.########.########.#
#.# ##+# #.# #.# ##...#
##.# ##.# #.....# #..##
##..# .......## #.#.##
#...####
.<.....@###....##
.......+
.......o[.......#
#...####
........).......# ##†##
...$.....##.#...# #.#
#.....#..##.##..# ##.#
##.(.##..#..##..# ...#
##+# #..#.###..# .###
#.# #..#> #..# .#
###### #.# #.... ...#


You could see an orc warrior.

Vanquished Creatures
  Pikel (D:5)
  Grinder (D:5)
  A wyvern (D:8)
  A sky beast (D:5)
  2 orc warriors
  2 black bears (D:8)
  4 ogres
  A necrophage (D:8)
  2 centaurs
  A lemure (D:5)
  A bullfrog (D:6)
  A gnoll sergeant (D:6)
  2 scorpions
  2 vampire bats (D:5)
  A howler monkey (D:4)
  A centaur zombie (D:5)
  2 orc priests (D:8)
  5 hounds
  A gnoll shaman (D:7)
  An iguana (D:4)
  A bullfrog skeleton (D:5)
  5 orc wizards
  Terence (D:2)
  4 worker ants
  A killer bee zombie (D:5)
  A worker ant zombie (D:6)
  9 gnolls
  8 adders
  2 shadow imps (D:8)
  A white imp (D:5)
  An ufetubus (D:6)
  An ooze (D:1)
  An adder zombie (D:6)
  An adder skeleton (D:5)
  3 worms
  A dart slug (D:2)
  7 leopard geckos
  20 orcs
  4 giant cockroaches
  3 goblins
  9 hobgoblins
  2 jackals (D:5)
  5 quokkas
  18 bats
  2 frilled lizards
  A giant cockroach zombie (D:5)
  7 kobolds
  8 rats
160 creatures vanquished.

Notes
Turn   | Place    | Note
-------+----------+-------------------------------------------
     0 | D:1      | tardwrangler69 the Minotaur Fighter began the quest for the
                  | Orb.
     0 | D:1      | Reached XP level 1. HP: 19/19 MP: 0/0
   181 | D:1      | Reached XP level 2. HP: 27/27 MP: 1/1
   181 | D:1      | You fall into a shaft and drop 1 floor!
   193 | D:2      | Reached skill level 3 in Axes
   206 | D:2      | Found a glowing silver altar of Zin.
   325 | D:2      | Reached skill level 1 in Dodging
   494 | D:1      | Reached XP level 3. HP: 33/33 MP: 2/2
  1161 | D:2      | Noticed Terence
  1168 | D:2      | Killed Terence
  1169 | D:2      | Reached XP level 4. HP: 37/40 MP: 3/3
  1200 | D:2      | Reached skill level 4 in Axes
  1444 | D:2      | Found a shimmering blue altar of Sif Muna.
  2057 | D:3      | Reached XP level 5. HP: 42/47 MP: 4/4
  2669 | D:4      | Noticed an ogre
  2675 | D:4      | Killed an ogre
  2676 | D:4      | Reached skill level 5 in Axes
  2676 | D:4      | Reached XP level 6. HP: 15/55 MP: 5/5
  2769 | D:4      | Reached skill level 5 in Fighting
  2769 | D:4      | Reached skill level 5 in Armour
  3771 | D:4      | Reached skill level 6 in Axes
  3771 | D:4      | Reached XP level 7. HP: 57/61 MP: 6/6
  4266 | D:5      | Entered Level 5 of the Dungeon
  4270 | D:5      | Noticed Pikel
  4286 | D:5      | Killed Pikel
  4287 | D:5      | Reached skill level 7 in Axes
  4287 | D:5      | Reached XP level 8. HP: 56/70 MP: 7/7
  4477 | D:5      | Found Vyhostuso's Armour Shoppe.
  4500 | D:5      | Reached skill level 8 in Axes
  4580 | D:5      | Noticed Grinder
  4592 | D:5      | Killed Grinder
  4593 | D:5      | Reached skill level 5 in Dodging
  5060 | D:6      | Found a staircase to the Ecumenical Temple.
  5071 | Temple   | Entered the Ecumenical Temple
  5303 | Temple   | Became a worshipper of Uskayaw the Reveller
  5376 | D:6      | Reached * piety under Uskayaw
  5378 | D:6      | Reached skill level 9 in Axes
  5455 | D:6      | Reached ** piety under Uskayaw
  5456 | D:6      | Reached *** piety under Uskayaw
  5458 | D:6      | Reached **** piety under Uskayaw
  5461 | D:6      | Reached XP level 9. HP: 78/79 MP: 8/8
  5476 | D:6      | Found an opulent altar of Gozag.
  5626 | D:6      | Found a glowing golden altar of the Shining One.
  5648 | D:6      | Found a radiant altar of Vehumet.
  5731 | D:6      | Reached ***** piety under Uskayaw
  7189 | D:8      | Reached skill level 10 in Axes
  7569 | D:8      | Mangled by an orc warrior

Illustrated notes

Levels and vault maps discovered:
D:1:      shiori_arrival_maze, layout_basic
D:2:      layout_loops_ring, lemuel_blue_sif_altar, zin_scriptorium,
          uniq_terence
D:3:      layout_basic
D:4:      layout_layer_cave
D:5:      layout_rooms, serial_shops, shop, roderic_batcave, uniq_grinder,
          uniq_pikel
D:6:      layout_rooms, nicolae_gozag_cash_rules_everything_around_me,
          tso_oasis_becter, minmay_temple_entry_purple_smoke, basic_altar
D:7:      layout_basic
D:8:      layout_loops_corners, uniq_maurice
Temple:   minmay_temple_bridge_abc

Skill      XL: |  1  2  3  4  5  6  7  8  9 |
---------------+----------------------------+-----
Axes           | 3 4 5 6 7 9 10 | 10.4
Dodging        | 1 2 3 4 5 6 |  6.4
Fighting       | 4 5 6 7 8 |  8.1
Armour         | 4 5 6 7 8 |  8.1
Shields        | |  3.6

Action                   |  1- 3 |  4- 6 |  7- 9 || total
-------------------------+-------+-------+-------++-------
Melee: War axe           |    71 |   110 |   254 ||   435
       Headbutt          |    13 |    14 |    34 ||    61
  Use: Scroll            |     1 |     8 |       ||     9
 Stab: Paralysed         |       |       |    10 ||    10
Armor: Scale mail        |    20 |    49 |    94 ||   163
Dodge: Dodged            |    21 |    34 |    98 ||   153
Block: Kite shield       |    28 |    53 |   148 ||   229
